Senators vs Stars

Created - March 3, 2017 at 17:44

Goals
1 2 3 T
Senators 3 3 1 7
Stars 2 1 0 3
Shots
1 2 3 T
Senators 15 15 14 44
Stars 14 9 8 31

1st period

1. Senators , Paul Gaustad 7 (Connor Murphy, Jared Cowen) at 1:35
2. Stars , Sidney Crosby 35 (Duncan Keith, Evgeni Malkin) at 1:46
3. Senators , Lauri Korpikoski 17 (Mike Hoffman, Brayden Schenn) at 2:55 (PP)
4. Stars , John Klingberg 7 (Paul Stastny) at 11:55 (PP)
5. Senators , Michael Stone 4 (Jared Cowen) at 17:24 (PP)

Penalties :
Cody McLeod (DAL) for Hooking (Minor) at 1:49, Beau Bennett (OTT) for Attempt to injure (Major / Game Misconduct) at 11:04, Connor Murphy (OTT) for Hooking (Minor) at 13:04, Cody McLeod (DAL) for Fighting (Major) at 16:08, Tyler Seguin (OTT) for Fighting (Major) at 16:08, Cody McLeod (DAL) for instigated a fight (Game Misconduct) at 16:08, Zdeno Chara (DAL) for Hooking (Minor) at 17:44

2nd period

6. Stars , Paul Stastny 18 (Zdeno Chara, Paul Byron) at 9:21
7. Senators , Michael Stone 5 (Mike Hoffman, Brayden Schenn) at 10:54 (PP)
8. Senators , Brayden Schenn 20 (Mike Hoffman, Drew Doughty) at 13:53 (PP)
9. Senators , Lauri Korpikoski 18 (Brayden Schenn, Drew Doughty) at 17:58 (PP)

Penalties :
Michael Stone (OTT) for Slashing (Minor) at 2:32, Paul Byron (DAL) for Hooking (Minor) at 5:07, John Mitchell (DAL) for Interference (Minor) at 9:32, Jason Demers (DAL) for Slashing (Minor) at 13:11, Sidney Crosby (DAL) for Slashing (Minor) at 13:59, Zdeno Chara (DAL) for Tripping (Minor) at 16:56, Zdeno Chara (DAL) for Roughing (Minor) at 18:46

3rd period

10. Senators , Patrick Marleau 15 (Tyler Seguin, Mark Stone) at 0:28 (PP)

Penalties :
Shawn Thornton (DAL) for Roughing (Minor) at 10:35, Zdeno Chara (DAL) for Hooking (Minor) at 12:02

Goalie Stats

Tuukka Rask (OTT), 28 saves from 31 shots - (0.903), W, 27-14-4, 60:00 minutes
Jonathan Quick (DAL), 16 saves from 21 shots - (0.762), L, 35-22-1, 33:53 minutes
Jonas Gustavsson (DAL), 21 saves from 23 shots - (0.913), 26:07 minutes

Players Stats for Senators

Player Name              G  A  P  +/- PIM S  H  SB GA TA FO     MP     PP MP  PK MP  
------------------------------------------------------------------------------------
Anton Lander             0  0  0  -1  0   2  0  0  0  0  12/18  10:01   1:35   2:22 
Beau Bennett             0  0  0   1  15  1  1  0  0  0  0/0     3:04   0:00   0:00 
Brayden Schenn           1  3  4  -2  0   3  5  0  0  0  10/25  19:25   7:59   1:44 
Connor Murphy            0  1  1   0  2   1  1  0  0  0  0/0    12:18   0:00   2:44 
Drew Doughty             0  2  2  -1  0   2  0  0  0  0  0/0    26:35   9:11   2:24 
Drew Miller              0  0  0   1  0   1  0  0  0  0  2/3    14:57   0:00   3:53 
Jared Cowen              0  2  2   0  0   0  0  1  0  0  0/0    20:19   7:22   3:23 
Jason Garrison           0  0  0   0  0   1  0  2  0  0  0/0    23:20   9:11   2:14 
Lauri Korpikoski         2  0  2   0  0   5  3  0  0  0  0/1    19:33   7:59   0:00 
Marc Methot              0  0  0  -1  0   0  0  2  0  0  0/0    15:43   0:00   0:43 
Mark Stone               0  1  1  -1  0   3  0  0  0  0  2/5    24:25   8:34   0:00 
Michael Stone            2  0  2   0  2   3  3  3  0  0  0/0    21:43   7:22   2:27 
Mike Hoffman             0  3  3   0  0   7  0  0  0  0  1/2    21:42   7:59   0:00 
Milan Michalek           0  0  0  -1  0   2  0  0  0  0  0/0     5:38   0:00   0:00 
Patrick Marleau          1  0  1  -1  0   2  0  0  0  0  2/4    19:16   8:34   0:08 
Patrik Elias             0  0  0   0  0   0  0  0  0  0  0/0     0:22   0:00   0:00 
Paul Gaustad             1  0  1   1  0   4  2  0  0  0  12/26  14:54   0:00   3:50 
Tyler Seguin             0  1  1   0  5   7  1  0  0  0  11/25  17:44   6:59   0:00 

Players Stats for Stars

Player Name              G  A  P  +/- PIM S  H  SB GA TA FO     MP     PP MP  PK MP  
------------------------------------------------------------------------------------
Adam Pardy               0  0  0  -1  0   0  0  1  0  0  0/0    10:45   0:14   3:23 
Brad Malone              0  0  0   0  0   0  0  0  0  0  1/1     2:35   0:14   1:55 
Brandon Manning          0  0  0  -1  0   0  0  0  0  0  0/0     7:22   0:14   0:00 
Cody McLeod              0  0  0  -1  19  0  1  0  0  0  2/2     2:45   0:00   0:00 
Dainius Zubrus           0  0  0   0  0   0  0  0  0  0  0/0     0:14   0:14   0:00 
Duncan Keith             0  1  1   2  0   0  0  5  0  0  0/0    28:00   3:10   8:53 
Evgeni Malkin            0  1  1   1  0   3  0  0  0  0  0/1    21:04   3:35   0:10 
Jason Demers             0  0  0   0  2   3  0  2  0  0  0/0    24:13   3:10   7:40 
John Klingberg           1  0  1   0  0   3  1  1  0  0  0/0    26:59   3:34   8:19 
John Mitchell            0  0  0  -1  2   0  3  0  0  0  8/21   13:11   0:00   4:39 
Jonathan Huberdeau       0  0  0   1  0   3  0  0  0  0  1/1    17:18   3:09   0:44 
Mike Richards            0  0  0  -1  0   2  1  0  0  0  0/0    13:43   0:00   5:10 
Nikita Kucherov          0  0  0   1  0   3  0  0  0  0  0/0    17:40   3:35   0:00 
Paul Byron               0  1  1   1  2   1  4  0  0  0  0/2    23:54   3:09   8:44 
Paul Stastny             1  1  2   1  0   6  1  0  0  0  25/44  28:06   3:09  11:12 
Shawn Thornton           0  0  0   0  2   0  0  0  0  0  0/0     1:37   0:14   0:00 
Sidney Crosby            1  0  1   1  2   7  2  0  0  0  20/37  20:42   3:35   0:00 
Zdeno Chara              0  1  1   2  8   0  7  1  0  0  0/0    22:36   3:34   4:50 

3 Stars

1 - Brayden Schenn (OTT)
2 - Lauri Korpikoski (OTT)
3 - Michael Stone (OTT)

Power Play

Senators - 6 on 11 Attempt(s) - 54.55%
Stars - 1 on 4 Attempt(s) - 25.00%

Penalty Kill

Senators - 3 on 4 Attempt(s) - 75.00% - Score 0 goal in Penalty Kill
Stars - 5 on 11 Attempt(s) - 45.45% - Score 0 goal in Penalty Kill

Team Stat

Senators - Hits : 16 - Faceoff Wins : 52 - Blocked Shots : 8 - Penalty Minutes : 24
Stars - Hits : 20 - Faceoff Wins : 57 - Blocked Shots : 10 - Penalty Minutes : 37

Official

Referees : Brad Watson and Dave Lewis
Linesman : Ryan Galloway and Brandon Gawryletz

Game Notes

Beau Bennett ejected from game at 11:04 of 1st period
Beau Bennett from Senators is suspended for 1 game(s)
Cody McLeod and Tyler Seguin fight to a draw at 16:08 of 1st period
Cody McLeod ejected from game at 16:08 of 1st period
Jonas Gustavsson enters game at 13:53 of 2nd period

Finance

Level 1 -- Attendance: 4930 (82.17%) -- Ticket Income $566,950
Level 2 -- Attendance: 4490 (89.80%) -- Ticket Income $336,750
Level 3 -- Attendance: 2000 (100.00%) -- Ticket Income $120,000
Level 4 -- Attendance: 1927 (42.52%) -- Ticket Income $86,715
Luxury Box -- Attendance: 947 (94.70%) -- Ticket Income $189,400
Game was played at the American Airlines Center.
Total Attendance: 14294 (77.13%)
Total Ticket Income: $1,299,815
Other Income: $194,972
Total Income: $1,494,787

% Time on Ice - Senators

Lines # - Real PCT - Wanted PCT - Time Play
Normal Forward
1 - 24% - 36% - 8:35
2 - 32% - 34% - 11:34
3 - 30% - 20% - 11:04
4 - 14% - 10% - 5:16
Normal Defense
1 - 41% - 36% - 15:00
2 - 33% - 34% - 11:55
3 - 21% - 20% - 7:38
4 - 5% - 10% - 1:56
PP Forward
1 - 52% - 50% - 8:34
2 - 48% - 50% - 7:59
PP Defense
1 - 55% - 50% - 9:11
2 - 45% - 50% - 7:22
PK Forward
1 - 47% - 50% - 2:22
2 - 53% - 50% - 2:37
PK Defense
1 - 55% - 50% - 2:45
2 - 45% - 50% - 2:14
PK3 Forward
1 - 39% - 50% - 0:46
2 - 61% - 50% - 1:13
PK3 Defense
1 - 58% - 50% - 1:09
2 - 42% - 50% - 0:50
44 Forward
1 - 0% - 52%
2 - 0% - 48%
44 Defense
1 - 0% - 52%
2 - 0% - 48%
Last Minute Offensive  - 0:00
Last Minute Defensive  - 0:00
Total
Forward - 60:00
Defense - 60:00

% Time on Ice - Stars

Lines # - Real PCT - Wanted PCT - Time Play
Normal Forward
1 - 37% - 33% - 13:25
2 - 33% - 31% - 12:02
3 - 23% - 19% - 8:33
4 - 7% - 17% - 2:29
Normal Defense
1 - 39% - 35% - 14:15
2 - 37% - 35% - 13:24
3 - 20% - 15% - 7:08
4 - 5% - 15% - 1:42
PP Forward
1 - 55% - 55% - 3:49
2 - 45% - 45% - 3:09
PP Defense
1 - 45% - 50% - 3:10
2 - 55% - 50% - 3:48
PK Forward
1 - 68% - 60% - 10:51
2 - 32% - 40% - 5:10
PK Defense
1 - 48% - 50% - 7:42
2 - 52% - 50% - 8:19
PK3 Forward
1 - 100% - 55% - 0:32
2 - 0% - 45% - 0:00
PK3 Defense
1 - 100% - 50% - 0:32
2 - 0% - 50% - 0:00
44 Forward
1 - 0% - 50%
2 - 0% - 50%
44 Defense
1 - 0% - 50%
2 - 0% - 50%
Last Minute Offensive  - 0:00
Last Minute Defensive  - 0:00
Total
Forward - 60:00
Defense - 60:00

Play by Play

1st period


0:01 of 1st period - Patrick Marleau wins face-off versus Sidney Crosby in neutral zone.
0:20 of 1st period - Shot by Brayden Schenn.
0:20 of 1st period - Stopped by Jonathan Quick without a rebound.
0:21 of 1st period - Paul Stastny wins face-off versus Tyler Seguin in Stars zone.
0:28 of 1st period - Tyler Seguin is hit by Paul Byron and loses puck.
1:01 of 1st period - Shot by Nikita Kucherov.
1:01 of 1st period - Shot Blocked by Michael Stone.
1:09 of 1st period - Icing by Paul Stastny.
1:10 of 1st period - Paul Stastny wins face-off versus Paul Gaustad in Stars zone.
1:33 of 1st period - Shot by Connor Murphy.
1:33 of 1st period - Shot Misses the Net.
1:35 of 1st period - Shot by Paul Gaustad.
1:35 of 1st period - Goal by Paul Gaustad - Senators : 1 - Stars : 0.
1:36 of 1st period - Jonathan Huberdeau wins face-off versus Brayden Schenn in neutral zone.
1:42 of 1st period - Shot by Evgeni Malkin.
1:42 of 1st period - Shot Blocked by Marc Methot.
1:44 of 1st period - Shot by Evgeni Malkin.
1:44 of 1st period - Shot Blocked by Marc Methot.
1:46 of 1st period - Shot by Duncan Keith.
1:46 of 1st period - Deflect By Sidney Crosby.
1:46 of 1st period - Goal by Sidney Crosby - Senators : 1 - Stars : 1.
1:47 of 1st period - Anton Lander wins face-off versus John Mitchell in neutral zone.
1:49 of 1st period - Minor Penalty to Cody McLeod for Hooking.
1:50 of 1st period - Paul Stastny wins face-off versus Patrick Marleau in Stars zone.
2:53 of 1st period - Shot by Mike Hoffman.
2:53 of 1st period - Shot Misses the Net.
2:55 of 1st period - Shot by Lauri Korpikoski.
2:55 of 1st period - Goal by Lauri Korpikoski - Senators : 2 - Stars : 1.
2:56 of 1st period - Anton Lander wins face-off versus Sidney Crosby in neutral zone.
3:04 of 1st period - Shot by Anton Lander.
3:04 of 1st period - Deflect By Milan Michalek.
3:04 of 1st period - Stopped by Jonathan Quick without a rebound.
3:05 of 1st period - Paul Gaustad wins face-off versus Evgeni Malkin in Stars zone.
3:05 of 1st period - Drew Miller is hit by Zdeno Chara and loses puck.
3:26 of 1st period - Shot by Beau Bennett.
3:26 of 1st period - Stopped by Jonathan Quick without a rebound.
3:27 of 1st period - Cody McLeod wins face-off versus Brayden Schenn in Stars zone.
3:45 of 1st period - Shot by John Mitchell.
3:45 of 1st period - Shot Misses the Net.
4:18 of 1st period - Icing by Drew Doughty.
4:19 of 1st period - Brayden Schenn wins face-off versus Sidney Crosby in Senators zone.
4:53 of 1st period - Duncan Keith is hit by Brayden Schenn and loses puck.
5:35 of 1st period - Shot by Tyler Seguin.
5:35 of 1st period - Deflect By Mike Hoffman.
5:35 of 1st period - Stopped by Jonathan Quick without a rebound.
5:36 of 1st period - John Mitchell wins face-off versus Anton Lander in Stars zone.
5:52 of 1st period - Anton Lander is hit by Zdeno Chara and loses puck.
7:21 of 1st period - Shot by Sidney Crosby.
7:21 of 1st period - Stopped by Tuukka Rask without a rebound.
7:22 of 1st period - Paul Gaustad wins face-off versus Sidney Crosby in Senators zone.
7:39 of 1st period - Shot by Sidney Crosby.
7:39 of 1st period - Stopped by Tuukka Rask without a rebound.
7:40 of 1st period - Brayden Schenn wins face-off versus John Mitchell in Senators zone.
7:50 of 1st period - Icing by Duncan Keith.
7:51 of 1st period - Cody McLeod wins face-off versus Brayden Schenn in Stars zone.
7:58 of 1st period - Shot by Patrick Marleau.
7:58 of 1st period - Shot Misses the Net.
8:06 of 1st period - Mark Stone is hit by Cody McLeod and loses puck.
8:15 of 1st period - Shot by Mike Richards.
8:15 of 1st period - Stopped by Tuukka Rask without a rebound.
8:16 of 1st period - Sidney Crosby wins face-off versus Tyler Seguin in Senators zone.
8:19 of 1st period - Shot by Evgeni Malkin.
8:19 of 1st period - Stopped by Tuukka Rask without a rebound.
8:20 of 1st period - Sidney Crosby wins face-off versus Tyler Seguin in Senators zone.
8:33 of 1st period - Shot by Tyler Seguin.
8:33 of 1st period - Stopped by Jonathan Quick with a rebound.
8:35 of 1st period - Shot by Mike Hoffman.
8:35 of 1st period - Shot Misses the Net.
8:37 of 1st period - Shot by Mike Hoffman.
8:37 of 1st period - Stopped by Jonathan Quick without a rebound.
8:38 of 1st period - Paul Stastny wins face-off versus Paul Gaustad in Stars zone.
8:42 of 1st period - Icing by Nikita Kucherov.
8:43 of 1st period - Tyler Seguin wins face-off versus Paul Stastny in Stars zone.
8:49 of 1st period - Lauri Korpikoski is hit by Zdeno Chara and loses puck.
8:54 of 1st period - Shot by Tyler Seguin.
8:54 of 1st period - Deflect By Mike Hoffman.
8:54 of 1st period - Shot Blocked by Duncan Keith.
8:56 of 1st period - Shot by Mike Hoffman.
8:56 of 1st period - Stopped by Jonathan Quick without a rebound.
8:57 of 1st period - Paul Gaustad wins face-off versus Sidney Crosby in Stars zone.
9:04 of 1st period - Sidney Crosby is hit by Paul Gaustad and loses puck.
9:38 of 1st period - Icing by Jason Demers.
9:39 of 1st period - Sidney Crosby wins face-off versus Tyler Seguin in Stars zone.
9:44 of 1st period - Shot by John Klingberg.
9:44 of 1st period - Shot Misses the Net.
10:29 of 1st period - Icing by Zdeno Chara.
10:30 of 1st period - Paul Stastny wins face-off versus Brayden Schenn in Stars zone.
10:46 of 1st period - Icing by Connor Murphy.
10:47 of 1st period - John Mitchell wins face-off versus Brayden Schenn in Senators zone.
10:58 of 1st period - Shot by Mark Stone.
10:58 of 1st period - Stopped by Jonathan Quick with a rebound.
11:00 of 1st period - Shot by Patrick Marleau.
11:00 of 1st period - Shot Misses the Net.
11:02 of 1st period - Shot by Brayden Schenn.
11:02 of 1st period - Stopped by Jonathan Quick without a rebound.
11:03 of 1st period - Sidney Crosby wins face-off versus Paul Gaustad in Stars zone.
11:03 of 1st period - Sidney Crosby is hit by Beau Bennett.
11:04 of 1st period - Major / Game Misconduct Penalty to Beau Bennett for Attempt to injure.
11:04 of 1st period - Beau Bennett is ejected from game.
11:05 of 1st period - Anton Lander wins face-off versus Sidney Crosby in Senators zone.
11:14 of 1st period - Shot by Evgeni Malkin.
11:14 of 1st period - Shot Blocked by Jared Cowen.
11:16 of 1st period - Shot by Jason Demers.
11:16 of 1st period - Stopped by Tuukka Rask without a rebound.
11:17 of 1st period - Paul Gaustad wins face-off versus Paul Stastny in Senators zone.
11:17 of 1st period - Paul Gaustad is hit by Paul Byron.
11:55 of 1st period - Shot by John Klingberg.
11:55 of 1st period - Goal by John Klingberg - Senators : 2 - Stars : 2.
11:56 of 1st period - Sidney Crosby wins face-off versus Anton Lander in neutral zone.
12:03 of 1st period - Shot by Duncan Keith.
12:03 of 1st period - Shot Misses the Net.
12:46 of 1st period - Off-side.
12:47 of 1st period - Paul Stastny wins face-off versus Paul Gaustad in neutral zone.
13:04 of 1st period - Minor Penalty to Connor Murphy for Hooking.
13:05 of 1st period - Paul Stastny wins face-off versus Paul Gaustad in Senators zone.
13:08 of 1st period - Shot by Paul Stastny.
13:08 of 1st period - Shot Misses the Net.
13:33 of 1st period - Shot by Jonathan Huberdeau.
13:33 of 1st period - Stopped by Tuukka Rask without a rebound.
13:34 of 1st period - Drew Miller wins face-off versus Sidney Crosby in Senators zone.
13:47 of 1st period - Shot by Nikita Kucherov.
13:47 of 1st period - Shot Blocked by Michael Stone.
13:49 of 1st period - Shot by Jason Demers.
13:49 of 1st period - Stopped by Tuukka Rask with a rebound.
13:51 of 1st period - Shot by Jason Demers.
13:51 of 1st period - Stopped by Tuukka Rask with a rebound.
14:16 of 1st period - Icing by Jason Demers.
14:17 of 1st period - Sidney Crosby wins face-off versus Drew Miller in Stars zone.
14:45 of 1st period - Icing by John Klingberg.
14:46 of 1st period - Drew Miller wins face-off versus Paul Stastny in Stars zone.
15:11 of 1st period - Shot by Paul Stastny.
15:11 of 1st period - Stopped by Tuukka Rask without a rebound.
15:12 of 1st period - Sidney Crosby wins face-off versus Paul Gaustad in Senators zone.
15:19 of 1st period - Shot by Evgeni Malkin.
15:19 of 1st period - Stopped by Tuukka Rask with a rebound.
15:21 of 1st period - Shot by Jason Demers.
15:21 of 1st period - Shot Blocked by Michael Stone.
15:23 of 1st period - Shot by Nikita Kucherov.
15:23 of 1st period - Stopped by Tuukka Rask without a rebound.
15:24 of 1st period - Anton Lander wins face-off versus Paul Stastny in Senators zone.
15:47 of 1st period - Shot by John Klingberg.
15:47 of 1st period - Shot Misses the Net.
15:49 of 1st period - Shot by John Klingberg.
15:49 of 1st period - Stopped by Tuukka Rask without a rebound.
15:50 of 1st period - Anton Lander wins face-off versus Sidney Crosby in Senators zone.
16:08 of 1st period - Cody McLeod and Tyler Seguin fight to a draw.
16:08 of 1st period - Penalty to Cody McLeod for Fighting.
16:08 of 1st period - Penalty to Tyler Seguin for Fighting.
16:08 of 1st period - Penalty to Cody McLeod for instigated a fight.
16:08 of 1st period - Cody McLeod is ejected from game.
16:09 of 1st period - Paul Stastny wins face-off versus Brayden Schenn in Stars zone.
16:46 of 1st period - Shot by Drew Doughty.
16:46 of 1st period - Shot Blocked by Duncan Keith.
16:48 of 1st period - Shot by Mike Hoffman.
16:48 of 1st period - Shot Misses the Net.
16:50 of 1st period - Shot by Drew Doughty.
16:50 of 1st period - Stopped by Jonathan Quick without a rebound.
16:51 of 1st period - Paul Stastny wins face-off versus Anton Lander in Stars zone.
17:24 of 1st period - Shot by Michael Stone.
17:24 of 1st period - Goal by Michael Stone - Senators : 3 - Stars : 2.
17:25 of 1st period - Paul Gaustad wins face-off versus Sidney Crosby in neutral zone.
17:42 of 1st period - Shot by Drew Doughty.
17:42 of 1st period - Shot Misses the Net.
17:44 of 1st period - Shot by Drew Doughty.
17:44 of 1st period - Stopped by Jonathan Quick without a rebound.
17:44 of 1st period - Minor Penalty to Zdeno Chara for Hooking.
17:45 of 1st period - Brayden Schenn wins face-off versus Paul Stastny in Stars zone.
19:27 of 1st period - Shot by Brayden Schenn.
19:27 of 1st period - Shot Misses the Net.
19:29 of 1st period - Shot by Brayden Schenn.
19:29 of 1st period - Deflect By Mike Hoffman.
19:29 of 1st period - Stopped by Jonathan Quick without a rebound.
19:30 of 1st period - Anton Lander wins face-off versus Paul Stastny in Stars zone.
Goals for this period are 3 for Senators vs 2 for Stars.
Shots for this period are 15 for Senators vs 14 for Stars.

2nd period


0:01 of 2nd period - Brayden Schenn wins face-off versus Sidney Crosby in neutral zone.
0:12 of 2nd period - Shot by Jonathan Huberdeau.
0:12 of 2nd period - Shot Blocked by Jason Garrison.
0:43 of 2nd period - Icing by Jason Demers.
0:44 of 2nd period - Sidney Crosby wins face-off versus Anton Lander in Stars zone.
1:07 of 2nd period - Shot by Drew Doughty.
1:07 of 2nd period - Shot Misses the Net.
1:47 of 2nd period - Shot by Paul Stastny.
1:47 of 2nd period - Stopped by Tuukka Rask without a rebound.
1:48 of 2nd period - Brayden Schenn wins face-off versus Paul Stastny in Senators zone.
1:48 of 2nd period - Brayden Schenn is hit by Paul Byron.
2:00 of 2nd period - Duncan Keith is hit by Michael Stone.
2:32 of 2nd period - Minor Penalty to Michael Stone for Slashing.
2:33 of 2nd period - Sidney Crosby wins face-off versus Paul Gaustad in Senators zone.
2:33 of 2nd period - Evgeni Malkin is hit by Connor Murphy and loses puck.
2:58 of 2nd period - Shot by Evgeni Malkin.
2:58 of 2nd period - Shot Misses the Net.
3:16 of 2nd period - Paul Gaustad is hit by Paul Byron and loses puck.
3:59 of 2nd period - Shot by Patrick Marleau.
3:59 of 2nd period - Shot Misses the Net.
4:01 of 2nd period - Shot by Paul Gaustad.
4:01 of 2nd period - Stopped by Jonathan Quick without a rebound.
4:02 of 2nd period - Sidney Crosby wins face-off versus Anton Lander in Stars zone.
4:19 of 2nd period - Icing by Nikita Kucherov.
4:20 of 2nd period - Sidney Crosby wins face-off versus Paul Gaustad in Stars zone.
4:20 of 2nd period - Sidney Crosby is hit by Brayden Schenn.
4:28 of 2nd period - Shot by John Klingberg.
4:28 of 2nd period - Stopped by Tuukka Rask without a rebound.
4:29 of 2nd period - Paul Stastny wins face-off versus Anton Lander in Senators zone.
4:37 of 2nd period - Off-side.
4:38 of 2nd period - John Mitchell wins face-off versus Tyler Seguin in neutral zone.
4:51 of 2nd period - Lauri Korpikoski is hit by John Mitchell.
4:52 of 2nd period - Icing by Lauri Korpikoski.
4:53 of 2nd period - John Mitchell wins face-off versus Tyler Seguin in Senators zone.
4:58 of 2nd period - Icing by Tyler Seguin.
4:59 of 2nd period - Paul Stastny wins face-off versus Tyler Seguin in Senators zone.
5:07 of 2nd period - Minor Penalty to Paul Byron for Hooking.
5:08 of 2nd period - Tyler Seguin wins face-off versus Paul Stastny in Stars zone.
5:11 of 2nd period - Shot by Mark Stone.
5:11 of 2nd period - Shot Misses the Net.
5:38 of 2nd period - Shot by Michael Stone.
5:38 of 2nd period - Shot Misses the Net.
5:49 of 2nd period - Mark Stone is hit by Zdeno Chara and loses puck.
6:14 of 2nd period - Shot by Mike Hoffman.
6:14 of 2nd period - Shot Misses the Net.
6:16 of 2nd period - Shot by Lauri Korpikoski.
6:16 of 2nd period - Stopped by Jonathan Quick without a rebound.
6:17 of 2nd period - Paul Stastny wins face-off versus Brayden Schenn in Stars zone.
6:48 of 2nd period - Shot by Brayden Schenn.
6:48 of 2nd period - Shot Blocked by Zdeno Chara.
7:13 of 2nd period - Icing by Sidney Crosby.
7:14 of 2nd period - Paul Gaustad wins face-off versus Sidney Crosby in Stars zone.
7:27 of 2nd period - Shot by Mark Stone.
7:27 of 2nd period - Shot Misses the Net.
7:49 of 2nd period - Shot by Sidney Crosby.
7:49 of 2nd period - Stopped by Tuukka Rask with a rebound.
7:52 of 2nd period - Icing by Marc Methot.
7:53 of 2nd period - John Mitchell wins face-off versus Paul Gaustad in Senators zone.
8:19 of 2nd period - Michael Stone is hit by Mike Richards and loses puck.
8:48 of 2nd period - Shot by Nikita Kucherov.
8:48 of 2nd period - Stopped by Tuukka Rask without a rebound.
8:49 of 2nd period - Anton Lander wins face-off versus Paul Stastny in Senators zone.
8:56 of 2nd period - Icing by Anton Lander.
8:57 of 2nd period - Anton Lander wins face-off versus Paul Stastny in Senators zone.
8:57 of 2nd period - Anton Lander is hit by Paul Stastny.
9:06 of 2nd period - Milan Michalek is hit by Zdeno Chara and loses puck.
9:17 of 2nd period - Shot by Paul Byron.
9:17 of 2nd period - Stopped by Tuukka Rask with a rebound.
9:19 of 2nd period - Shot by Zdeno Chara.
9:19 of 2nd period - Shot Misses the Net.
9:21 of 2nd period - Shot by Paul Stastny.
9:21 of 2nd period - Goal by Paul Stastny - Senators : 3 - Stars : 3.
9:22 of 2nd period - Tyler Seguin wins face-off versus John Mitchell in neutral zone.
9:31 of 2nd period - Shot by John Mitchell.
9:31 of 2nd period - Shot Misses the Net.
9:32 of 2nd period - Minor Penalty to John Mitchell for Interference.
9:33 of 2nd period - Paul Stastny wins face-off versus Tyler Seguin in Stars zone.
9:56 of 2nd period - Shot by Tyler Seguin.
9:56 of 2nd period - Shot Misses the Net.
10:31 of 2nd period - Icing by Jared Cowen.
10:32 of 2nd period - Brad Malone wins face-off versus Brayden Schenn in Senators zone.
10:38 of 2nd period - Icing by Jared Cowen.
10:39 of 2nd period - Paul Stastny wins face-off versus Brayden Schenn in Senators zone.
10:48 of 2nd period - Shot by Michael Stone.
10:48 of 2nd period - Stopped by Jonathan Quick without a rebound.
10:49 of 2nd period - Brayden Schenn wins face-off versus Paul Stastny in Stars zone.
10:52 of 2nd period - Shot by Mike Hoffman.
10:52 of 2nd period - Shot Misses the Net.
10:54 of 2nd period - Shot by Michael Stone.
10:54 of 2nd period - Goal by Michael Stone - Senators : 4 - Stars : 3.
10:55 of 2nd period - Sidney Crosby wins face-off versus Mark Stone in neutral zone.
10:58 of 2nd period - Shot by Evgeni Malkin.
10:58 of 2nd period - Shot Misses the Net.
11:00 of 2nd period - Shot by Sidney Crosby.
11:00 of 2nd period - Shot Misses the Net.
11:18 of 2nd period - Shot by Sidney Crosby.
11:18 of 2nd period - Shot Hit the Post.
11:20 of 2nd period - Shot by Sidney Crosby.
11:20 of 2nd period - Shot Misses the Net.
11:57 of 2nd period - Michael Stone is hit by John Mitchell and loses puck.
12:20 of 2nd period - Shot by Mike Hoffman.
12:20 of 2nd period - Stopped by Jonathan Quick with a rebound.
12:26 of 2nd period - Shot by Paul Stastny.
12:26 of 2nd period - Stopped by Tuukka Rask without a rebound.
12:27 of 2nd period - Sidney Crosby wins face-off versus Paul Gaustad in Senators zone.
13:02 of 2nd period - Off-side.
13:03 of 2nd period - Tyler Seguin wins face-off versus John Mitchell in neutral zone.
13:11 of 2nd period - Minor Penalty to Jason Demers for Slashing.
13:12 of 2nd period - Paul Stastny wins face-off versus Brayden Schenn in Stars zone.
13:12 of 2nd period - Paul Stastny is hit by Brayden Schenn.
13:41 of 2nd period - Icing by Lauri Korpikoski.
13:42 of 2nd period - Mike Hoffman wins face-off versus John Mitchell in Senators zone.
13:53 of 2nd period - Shot by Brayden Schenn.
13:53 of 2nd period - Goal by Brayden Schenn - Senators : 5 - Stars : 3.
13:53 of 2nd period - Jonas Gustavsson enters game.
13:54 of 2nd period - Paul Gaustad wins face-off versus Sidney Crosby in neutral zone.
13:58 of 2nd period - Connor Murphy is hit by Sidney Crosby and loses puck.
13:59 of 2nd period - Minor Penalty to Sidney Crosby for Slashing.
14:00 of 2nd period - Paul Stastny wins face-off versus Mark Stone in Stars zone.
14:33 of 2nd period - Shot by Patrick Marleau.
14:33 of 2nd period - Deflect By Tyler Seguin.
14:33 of 2nd period - Stopped by Jonas Gustavsson without a rebound.
14:34 of 2nd period - John Mitchell wins face-off versus Brayden Schenn in Stars zone.
14:45 of 2nd period - Shot by Mike Hoffman.
14:45 of 2nd period - Stopped by Jonas Gustavsson without a rebound.
14:46 of 2nd period - Brayden Schenn wins face-off versus John Mitchell in Stars zone.
15:01 of 2nd period - Shot by Brayden Schenn.
15:01 of 2nd period - Shot Misses the Net.
15:03 of 2nd period - Shot by Jason Garrison.
15:03 of 2nd period - Shot Misses the Net.
15:05 of 2nd period - Shot by Jason Garrison.
15:05 of 2nd period - Stopped by Jonas Gustavsson without a rebound.
15:06 of 2nd period - Paul Stastny wins face-off versus Tyler Seguin in Stars zone.
15:18 of 2nd period - Icing by Jared Cowen.
15:19 of 2nd period - Paul Stastny wins face-off versus Tyler Seguin in Senators zone.
15:40 of 2nd period - Shot by Tyler Seguin.
15:40 of 2nd period - Stopped by Jonas Gustavsson without a rebound.
15:41 of 2nd period - John Mitchell wins face-off versus Brayden Schenn in Stars zone.
15:41 of 2nd period - John Mitchell is hit by Brayden Schenn.
15:51 of 2nd period - Shot by Lauri Korpikoski.
15:51 of 2nd period - Stopped by Jonas Gustavsson without a rebound.
15:52 of 2nd period - Paul Stastny wins face-off versus Mark Stone in Stars zone.
15:58 of 2nd period - Icing by Jared Cowen.
15:59 of 2nd period - Sidney Crosby wins face-off versus Paul Gaustad in Senators zone.
16:04 of 2nd period - Shot by Sidney Crosby.
16:04 of 2nd period - Shot Misses the Net.
16:06 of 2nd period - Shot by John Klingberg.
16:06 of 2nd period - Deflect By Jonathan Huberdeau.
16:06 of 2nd period - Stopped by Tuukka Rask with a rebound.
16:08 of 2nd period - Shot by Jason Demers.
16:08 of 2nd period - Shot Misses the Net.
16:36 of 2nd period - Shot by Mark Stone.
16:36 of 2nd period - Stopped by Jonas Gustavsson without a rebound.
16:37 of 2nd period - Paul Stastny wins face-off versus Tyler Seguin in Stars zone.
16:37 of 2nd period - Paul Stastny is hit by Tyler Seguin.
16:56 of 2nd period - Minor Penalty to Zdeno Chara for Tripping.
16:57 of 2nd period - Tyler Seguin wins face-off versus Paul Stastny in Stars zone.
17:16 of 2nd period - Shot by Tyler Seguin.
17:16 of 2nd period - Stopped by Jonas Gustavsson without a rebound.
17:17 of 2nd period - John Mitchell wins face-off versus Brayden Schenn in Stars zone.
17:17 of 2nd period - John Mitchell is hit by Brayden Schenn.
17:37 of 2nd period - Shot by Drew Doughty.
17:37 of 2nd period - Deflect By Mike Hoffman.
17:37 of 2nd period - Shot Blocked by Adam Pardy.
17:39 of 2nd period - Shot by Brayden Schenn.
17:39 of 2nd period - Shot Misses the Net.
17:56 of 2nd period - Shot by Brayden Schenn.
17:56 of 2nd period - Shot Misses the Net.
17:58 of 2nd period - Shot by Lauri Korpikoski.
17:58 of 2nd period - Goal by Lauri Korpikoski - Senators : 6 - Stars : 3.
17:59 of 2nd period - Paul Gaustad wins face-off versus Sidney Crosby in neutral zone.
18:12 of 2nd period - Jared Cowen is hit by Sidney Crosby.
18:34 of 2nd period - Shot by Jonathan Huberdeau.
18:34 of 2nd period - Stopped by Tuukka Rask without a rebound.
18:35 of 2nd period - Anton Lander wins face-off versus John Mitchell in Senators zone.
18:35 of 2nd period - Anton Lander is hit by John Mitchell.
18:42 of 2nd period - Shot by Mike Hoffman.
18:42 of 2nd period - Shot Misses the Net.
18:44 of 2nd period - Shot by Anton Lander.
18:44 of 2nd period - Shot Blocked by Duncan Keith.
18:46 of 2nd period - Shot by Anton Lander.
18:46 of 2nd period - Stopped by Jonas Gustavsson without a rebound.
18:46 of 2nd period - Minor Penalty to Zdeno Chara for Roughing.
18:47 of 2nd period - Brayden Schenn wins face-off versus Paul Stastny in Stars zone.
19:46 of 2nd period - Shot by Michael Stone.
19:46 of 2nd period - Shot Blocked by Duncan Keith.
19:48 of 2nd period - Shot by Mark Stone.
19:48 of 2nd period - Deflect By Tyler Seguin.
19:48 of 2nd period - Shot Blocked by Duncan Keith.
Goals for this period are 3 for Senators vs 1 for Stars.
Shots for this period are 15 for Senators vs 9 for Stars.

3rd period


0:01 of 3rd period - Tyler Seguin wins face-off versus Paul Stastny in neutral zone.
0:18 of 3rd period - Shot by Mark Stone.
0:18 of 3rd period - Shot Misses the Net.
0:20 of 3rd period - Shot by Mark Stone.
0:20 of 3rd period - Deflect By Tyler Seguin.
0:20 of 3rd period - Shot Blocked by Jason Demers.
0:22 of 3rd period - Shot by Jared Cowen.
0:22 of 3rd period - Deflect By Mark Stone.
0:22 of 3rd period - Shot Misses the Net.
0:24 of 3rd period - Shot by Tyler Seguin.
0:24 of 3rd period - Shot Blocked by John Klingberg.
0:26 of 3rd period - Shot by Tyler Seguin.
0:26 of 3rd period - Shot Misses the Net.
0:28 of 3rd period - Shot by Patrick Marleau.
0:28 of 3rd period - Goal by Patrick Marleau - Senators : 7 - Stars : 3.
0:29 of 3rd period - Sidney Crosby wins face-off versus Paul Gaustad in neutral zone.
0:59 of 3rd period - Mark Stone is hit by Zdeno Chara and loses puck.
1:41 of 3rd period - Shot by Paul Stastny.
1:41 of 3rd period - Shot Misses the Net.
1:43 of 3rd period - Shot by Paul Stastny.
1:43 of 3rd period - Shot Misses the Net.
1:45 of 3rd period - Shot by Nikita Kucherov.
1:45 of 3rd period - Stopped by Tuukka Rask without a rebound.
1:46 of 3rd period - Tyler Seguin wins face-off versus John Mitchell in Senators zone.
2:01 of 3rd period - Shot by Paul Stastny.
2:01 of 3rd period - Shot Misses the Net.
2:03 of 3rd period - Shot by Mike Richards.
2:03 of 3rd period - Stopped by Tuukka Rask without a rebound.
2:04 of 3rd period - Anton Lander wins face-off versus Paul Byron in Senators zone.
3:31 of 3rd period - Icing by Jason Garrison.
3:32 of 3rd period - Brayden Schenn wins face-off versus John Mitchell in Senators zone.
4:20 of 3rd period - Shot by Paul Gaustad.
4:20 of 3rd period - Stopped by Jonas Gustavsson without a rebound.
4:21 of 3rd period - Paul Stastny wins face-off versus Mike Hoffman in Stars zone.
4:43 of 3rd period - Shot by Tyler Seguin.
4:43 of 3rd period - Stopped by Jonas Gustavsson with a rebound.
4:47 of 3rd period - Shot by Mike Hoffman.
4:47 of 3rd period - Deflect By Tyler Seguin.
4:47 of 3rd period - Stopped by Jonas Gustavsson without a rebound.
4:48 of 3rd period - Paul Gaustad wins face-off versus Sidney Crosby in Stars zone.
5:35 of 3rd period - Icing by Drew Doughty.
5:36 of 3rd period - Paul Gaustad wins face-off versus Paul Stastny in Senators zone.
6:05 of 3rd period - Shot by Paul Stastny.
6:05 of 3rd period - Shot Misses the Net.
6:10 of 3rd period - Nikita Kucherov is hit by Michael Stone and loses puck.
6:42 of 3rd period - Evgeni Malkin is hit by Michael Stone and loses puck.
7:40 of 3rd period - Shot by Milan Michalek.
7:40 of 3rd period - Shot Misses the Net.
7:42 of 3rd period - Shot by Anton Lander.
7:42 of 3rd period - Stopped by Jonas Gustavsson without a rebound.
7:43 of 3rd period - Paul Gaustad wins face-off versus Paul Stastny in Stars zone.
8:21 of 3rd period - Nikita Kucherov is hit by Paul Gaustad and loses puck.
9:08 of 3rd period - Icing by Duncan Keith.
9:09 of 3rd period - Patrick Marleau wins face-off versus Paul Byron in Stars zone.
10:19 of 3rd period - Icing by Jason Demers.
10:20 of 3rd period - Paul Gaustad wins face-off versus Sidney Crosby in Stars zone.
10:20 of 3rd period - Paul Gaustad is hit by John Klingberg.
10:35 of 3rd period - Minor Penalty to Shawn Thornton for Roughing.
10:36 of 3rd period - Brayden Schenn wins face-off versus John Mitchell in Stars zone.
10:41 of 3rd period - Shot by Mike Hoffman.
10:41 of 3rd period - Stopped by Jonas Gustavsson without a rebound.
10:42 of 3rd period - Tyler Seguin wins face-off versus John Mitchell in Stars zone.
11:17 of 3rd period - Shot by Patrick Marleau.
11:17 of 3rd period - Shot Misses the Net.
11:19 of 3rd period - Shot by Patrick Marleau.
11:19 of 3rd period - Stopped by Jonas Gustavsson without a rebound.
11:20 of 3rd period - Paul Stastny wins face-off versus Brayden Schenn in Stars zone.
12:02 of 3rd period - Minor Penalty to Zdeno Chara for Hooking.
12:03 of 3rd period - Tyler Seguin wins face-off versus Paul Stastny in Stars zone.
13:08 of 3rd period - Shot by Paul Stastny.
13:08 of 3rd period - Stopped by Tuukka Rask without a rebound.
13:09 of 3rd period - Paul Stastny wins face-off versus Brayden Schenn in Senators zone.
13:35 of 3rd period - Shot by Brayden Schenn.
13:35 of 3rd period - Shot Blocked by Jason Demers.
13:37 of 3rd period - Shot by Brayden Schenn.
13:37 of 3rd period - Shot Misses the Net.
13:48 of 3rd period - Icing by Mark Stone.
13:49 of 3rd period - Tyler Seguin wins face-off versus John Mitchell in Senators zone.
14:02 of 3rd period - Shot by Tyler Seguin.
14:02 of 3rd period - Stopped by Jonas Gustavsson without a rebound.
14:03 of 3rd period - Mark Stone wins face-off versus Sidney Crosby in Stars zone.
14:10 of 3rd period - Shot by Mark Stone.
14:10 of 3rd period - Stopped by Jonas Gustavsson with a rebound.
14:12 of 3rd period - Shot by Drew Miller.
14:12 of 3rd period - Stopped by Jonas Gustavsson with a rebound.
14:14 of 3rd period - Shot by Mark Stone.
14:14 of 3rd period - Shot Misses the Net.
14:16 of 3rd period - Shot by Paul Gaustad.
14:16 of 3rd period - Stopped by Jonas Gustavsson without a rebound.
14:17 of 3rd period - Anton Lander wins face-off versus John Mitchell in Stars zone.
14:28 of 3rd period - Shot by Sidney Crosby.
14:28 of 3rd period - Stopped by Tuukka Rask without a rebound.
14:29 of 3rd period - Sidney Crosby wins face-off versus Paul Gaustad in Senators zone.
14:35 of 3rd period - Icing by Drew Doughty.
14:36 of 3rd period - Sidney Crosby wins face-off versus Paul Gaustad in Senators zone.
14:47 of 3rd period - Shot by Evgeni Malkin.
14:47 of 3rd period - Stopped by Tuukka Rask without a rebound.
14:48 of 3rd period - Paul Stastny wins face-off versus Tyler Seguin in Senators zone.
15:31 of 3rd period - Tyler Seguin is hit by Zdeno Chara and loses puck.
15:54 of 3rd period - Shot by Evgeni Malkin.
15:54 of 3rd period - Shot Blocked by Jason Garrison.
16:10 of 3rd period - Shot by Brayden Schenn.
16:10 of 3rd period - Deflect By Mark Stone.
16:10 of 3rd period - Shot Misses the Net.
17:21 of 3rd period - Shot by Connor Murphy.
17:21 of 3rd period - Stopped by Jonas Gustavsson without a rebound.
17:22 of 3rd period - Paul Stastny wins face-off versus Patrick Marleau in Stars zone.
17:26 of 3rd period - Off-side.
17:27 of 3rd period - Mark Stone wins face-off versus Paul Stastny in neutral zone.
17:50 of 3rd period - Shot by Paul Stastny.
17:50 of 3rd period - Shot Misses the Net.
18:12 of 3rd period - Shot by Paul Stastny.
18:12 of 3rd period - Stopped by Tuukka Rask without a rebound.
18:13 of 3rd period - Sidney Crosby wins face-off versus Tyler Seguin in Senators zone.
18:22 of 3rd period - Shot by Lauri Korpikoski.
18:22 of 3rd period - Stopped by Jonas Gustavsson without a rebound.
18:23 of 3rd period - Sidney Crosby wins face-off versus Tyler Seguin in Stars zone.
18:34 of 3rd period - Evgeni Malkin is hit by Lauri Korpikoski and loses puck.
18:49 of 3rd period - Shot by Sidney Crosby.
18:49 of 3rd period - Stopped by Tuukka Rask without a rebound.
18:50 of 3rd period - Anton Lander wins face-off versus Paul Stastny in Senators zone.
19:15 of 3rd period - Shot by Milan Michalek.
19:15 of 3rd period - Stopped by Jonas Gustavsson without a rebound.
19:16 of 3rd period - Sidney Crosby wins face-off versus Lauri Korpikoski in Stars zone.
19:16 of 3rd period - Sidney Crosby is hit by Lauri Korpikoski.
19:19 of 3rd period - Evgeni Malkin is hit by Lauri Korpikoski and loses puck.
19:23 of 3rd period - Off-side.
19:24 of 3rd period - Tyler Seguin wins face-off versus Sidney Crosby in neutral zone.
19:47 of 3rd period - Shot by Sidney Crosby.
19:47 of 3rd period - Shot Misses the Net.
19:49 of 3rd period - Shot by Evgeni Malkin.
19:49 of 3rd period - Shot Hit the Post.
19:51 of 3rd period - Shot by Sidney Crosby.
19:51 of 3rd period - Deflect By Evgeni Malkin.
19:51 of 3rd period - Shot Misses the Net.
19:53 of 3rd period - Shot by Sidney Crosby.
19:53 of 3rd period - Stopped by Tuukka Rask with a rebound.
19:55 of 3rd period - Shot by Evgeni Malkin.
19:55 of 3rd period - Shot Misses the Net.
Goals for this period are 1 for Senators vs 0 for Stars.
Shots for this period are 14 for Senators vs 8 for Stars.